Map: Dasan Station LE

Players

Stalker

  • Race: Protoss Protoss
  • League: Diamond

hhs - Winner!

  • Race: Protoss Protoss
  • League: Master

VOD

Have the link to the VOD?

Description

Time

  • Played on: Sept. 12, 2016, 2:36 p.m.
  • Length: 14:31
Show
View Real Time Build Order
Export as new Build Order

Stalker Protoss 

Build Orders:  

Get SALT Encoding   

  12  0:00  Probe (Chrono Boost)  
  13  0:11  Probe (Chrono Boost)  
  14  0:17  Pylon  
  14  0:22  Probe (Chrono Boost)  
  16  0:35  Probe (Chrono Boost)  
  16  0:38  Gateway  
  16  0:46  Probe (Chrono Boost)  
  16  0:49  Assimilator  
  17  0:55  Assimilator  
  17  1:01  Probe (Chrono Boost)  
  18  1:07  Gateway  
  18  1:11  Probe (Chrono Boost)  
  19  1:22  Probe (Chrono Boost)  
  20  1:27  Cybernetics Core  
  20  1:34  Probe (Chrono Boost)  
  20  1:39  Pylon  
  21  1:45  Probe (Chrono Boost)  
  22  1:55  Probe (Chrono Boost)  
  22  1:59  Warp Gate  
  23  2:04  Stalker  
  23  2:05  Stalker  
  28  2:20  Mothership Core (Chrono Boost)  
  29  2:24  Pylon  
  29  2:36  Sentry  
  31  2:42  Stalker  
  31  2:43  Probe (Chrono Boost)  
  34  2:56  Probe (Chrono Boost)  
  35  3:02  Robotics Facility  
  35  3:08  Probe (Chrono Boost)  
  35  3:10  Stalker  
  37  3:29  Probe (Chrono Boost)  
  37  3:33  Pylon  
  38  3:36  Pylon  
  38  3:52  Nexus  
  38  3:57  Observer  
  38  3:59  Probe (Chrono Boost)  
  40  4:03  Sentry  
  40  4:04  Adept  
  44  4:13  Gateway  
  45  4:17  Probe (Chrono Boost)  
  45  4:26  Immortal  
  49  4:36  Pylon  
  49  4:44  Stalker  
  51  4:46  Sentry  
  53  4:57  Twilight Council  
  53  5:03  Probe (Chrono Boost)  
  53  5:06  Probe (Chrono Boost)  
  55  5:11  Immortal  
  60  5:21  Probe (Chrono Boost)  
  60  5:26  Probe (Chrono Boost)  
  61  5:32  Gateway  
  61  5:33  Probe (Chrono Boost)  
  56  5:45  Adept x3  
  56  5:57  Immortal  
  56  5:59  Probe (Chrono Boost)  
  56  6:00  Probe (Chrono Boost)  
  62  6:09  Probe (Chrono Boost)  
  64  6:12  Probe (Chrono Boost)  
  64  6:16  Sentry  
  66  6:20  Probe (Chrono Boost)  
  66  6:23  Blink  
  66  6:24  Adept x2  
  71  6:30  Probe x2 (Chrono Boost)  
  71  6:31  Assimilator  
  73  6:34  Assimilator  
  73  6:37  Pylon  
  73  6:43  Probe (Chrono Boost)  
  73  6:44  Probe (Chrono Boost)  
  73  6:46  Warp Prism  
  78  6:54  Probe (Chrono Boost)  
  78  6:57  Forge  
  78  6:59  Probe (Chrono Boost)  
  79  7:01  Stalker  
  79  7:03  Sentry  
  84  7:09  Probe (Chrono Boost)  
  84  7:11  Probe (Chrono Boost)  
  85  7:21  Probe (Chrono Boost)  
  84  7:27  Probe (Chrono Boost)  
  85  7:30  Protoss Ground Weapons Level 1  
  85  7:33  Probe (Chrono Boost)  
  86  7:47  Pylon  
  86  7:48  Nexus  
  86  7:49  Pylon  
  85  7:55  Pylon  
  85  7:57  Probe (Chrono Boost), Pylon  
  86  8:00  Immortal  
  90  8:06  Adept x2  
  90  8:07  Adept  
  90  8:08  Adept  
  98  8:16  Gateway  
  98  8:18  Gateway  
  98  8:22  Probe x2 (Chrono Boost)  
  100  8:29  Resonating Glaives  
  100  8:30  Templar Archives, Phoenix  
  100  8:32  Sentry x2  
  104  8:42  Warp Prism  
  96  8:53  Gateway  
  96  9:02  Gateway  
  96  9:04  Gateway  
  96  9:09  High Templar  
  98  9:10  High Templar x2  
  98  9:14  Archon  
  98  9:24  Protoss Ground Armor Level 1  
  98  9:26  Stalker x3  
  104  9:32  Immortal  
  108  9:43  Stalker x2  
  107  9:49  Probe x2 (Chrono Boost)  
  98  10:01  Adept x3  
  98  10:02  Adept  
  104  10:08  Probe x2 (Chrono Boost)  
  104  10:12  High Templar  
  104  10:13  Assimilator  
  106  10:16  Assimilator  
  106  10:19  Adept x2  
  110  10:24  Probe (Chrono Boost)  
  110  10:25  Probe (Chrono Boost)  
  112  10:33  Immortal  
  112  10:40  Adept x2  
  112  10:41  Adept  
  112  10:42  Adept  
  124  10:49  Robotics Facility  
  122  10:55  Adept x3  
  122  10:56  Adept  
  130  11:11  High Templar  
  130  11:13  Immortal  
  130  11:23  Forge  
  130  11:24  Photon Cannon  
  126  11:26  Protoss Ground Weapons Level 2  
  126  11:32  High Templar  
  128  11:33  Stalker x2  
  132  11:42  Protoss Ground Armor Level 2  
  132  11:50  Photon Cannon  
  132  11:52  Photon Cannon  
  132  11:55  Pylon  
  132  11:59  Pylon  
  132  12:13  Immortal x2  
  140  12:29  Pylon  
  140  12:36  Adept x3  
  146  12:38  Adept  
  148  12:48  Probe (Chrono Boost)  
  148  12:49  Nexus, Probe (Chrono Boost)  
  148  12:50  Pylon  
  150  12:52  Observer, Pylon  
  150  12:54  Pylon  
  150  12:55  High Templar  
  150  12:56  High Templar x2  
  113  13:17  Archon  
  113  13:18  Archon  
  87  13:20  Adept x2  
  87  13:21  Adept x4  
  87  13:23  Immortal  
  87  13:26  Mothership Core (Chrono Boost)  
  93  13:28  Sentry  
  93  13:29  Sentry  
  95  13:38  Stalker  
  87  13:50  Assimilator, Adept x2  
  87  13:51  Adept  
  87  13:52  Adept  
  87  13:55  Assimilator  
  95  13:57  High Templar  
  95  14:01  Probe x2 (Chrono Boost)  
  99  14:03  Probe (Chrono Boost)  
  100  14:13  Probe (Chrono Boost)  
  100  14:16  Adept x4  
  77  14:24  Adept x2  
Show
View Real Time Build Order
Export as new Build Order

hhs Protoss - Winner!

Build Orders:  

Get SALT Encoding   

  12  0:03  Probe (Chrono Boost)  
  13  0:13  Probe (Chrono Boost)  
  14  0:16  Pylon  
  14  0:24  Probe (Chrono Boost)  
  15  0:35  Probe (Chrono Boost)  
  16  0:38  Gateway  
  16  0:43  Assimilator  
  16  0:47  Probe (Chrono Boost)  
  17  0:51  Assimilator  
  17  0:57  Probe (Chrono Boost)  
  18  1:08  Probe (Chrono Boost)  
  20  1:18  Probe (Chrono Boost)  
  20  1:25  Cybernetics Core  
  20  1:29  Probe (Chrono Boost)  
  21  1:35  Gateway  
  21  1:39  Probe (Chrono Boost)  
  22  1:42  Pylon  
  22  1:50  Probe (Chrono Boost)  
  25  2:08  Mothership Core (Chrono Boost), Stalker  
  25  2:13  Warp Gate  
  27  2:19  Robotics Facility  
  27  2:25  Stalker  
  29  2:40  Pylon  
  29  2:47  Stalker  
  31  2:54  Gateway  
  31  3:00  Stalker  
  33  3:09  Observer  
  34  3:17  Stalker  
  37  3:38  Nexus  
  36  3:48  Pylon  
  36  3:52  Probe (Chrono Boost)  
  37  4:05  Immortal  
  42  4:17  Probe (Chrono Boost)  
  42  4:28  Forge  
  42  4:29  Probe (Chrono Boost)  
  43  4:39  Pylon  
  43  4:41  Probe (Chrono Boost)  
  43  4:42  Sentry  
  43  4:43  Observer  
  47  4:52  Probe (Chrono Boost)  
  48  4:53  Twilight Council, Pylon  
  48  4:54  Probe (Chrono Boost)  
  49  5:04  Adept  
  49  5:05  Sentry  
  53  5:11  Protoss Ground Weapons Level 1  
  54  5:14  Probe (Chrono Boost), Blink  
  54  5:16  Probe (Chrono Boost)  
  55  5:28  Probe (Chrono Boost)  
  57  5:29  Probe (Chrono Boost)  
  51  5:53  Immortal  
  51  5:56  Zealot  
  57  5:57  Adept  
  57  5:58  Adept  
  57  6:01  Probe (Chrono Boost), Assimilator  
  57  6:02  Probe (Chrono Boost)  
  63  6:07  Assimilator  
  63  6:13  Probe (Chrono Boost)  
  63  6:15  Probe (Chrono Boost)  
  65  6:25  Probe (Chrono Boost)  
  66  6:28  Probe (Chrono Boost)  
  66  6:30  Stalker  
  73  6:33  Immortal  
  73  6:37  Probe (Chrono Boost)  
  73  6:39  Probe (Chrono Boost)  
  75  6:42  Pylon  
  75  6:48  Sentry  
  75  6:49  Probe (Chrono Boost)  
  78  6:57  Pylon  
  78  6:58  Pylon  
  78  7:00  Probe (Chrono Boost), Pylon  
  80  7:09  Protoss Ground Weapons Level 2  
  80  7:10  Probe x2 (Chrono Boost)  
  80  7:11  Sentry x2  
  80  7:15  Warp Prism  
  87  7:21  Resonating Glaives  
  87  7:24  Zealot  
  89  7:38  Stalker  
  91  7:51  Immortal  
  95  7:59  Nexus  
  95  8:03  Pylon  
  95  8:08  Stalker  
  95  8:09  Stalker x2  
  101  8:17  Gateway  
  101  8:19  Gateway  
  101  8:24  Pylon  
  97  8:35  Stalker  
  97  8:36  Stalker x2  
  98  8:46  Probe x2 (Chrono Boost)  
  100  8:53  Photon Cannon  
  100  8:58  Probe (Chrono Boost)  
  100  9:02  Adept x3  
  107  9:07  Probe (Chrono Boost)  
  109  9:10  Probe (Chrono Boost)  
  109  9:19  Probe (Chrono Boost)  
  109  9:22  Probe (Chrono Boost)  
  111  9:31  Stalker  
  111  9:32  Stalker x2  
  113  9:50  Adept x2  
  111  9:55  Protoss Ground Weapons Level 3  
  103  10:07  Stalker x3  
  89  10:10  Probe (Chrono Boost)  
  89  10:11  Probe (Chrono Boost)  
  89  10:12  Assimilator  
  95  10:16  Assimilator, Templar Archives  
  95  10:21  Gateway, Pylon  
  95  10:24  Gateway  
  95  10:26  Gateway  
  95  10:38  Probe x2 (Chrono Boost)  
  97  10:54  Stalker x5  
  104  10:57  Probe (Chrono Boost)  
  104  10:58  Probe x2 (Chrono Boost)  
  97  11:14  Probe x2 (Chrono Boost)  
  99  11:19  Probe (Chrono Boost)  
  99  11:23  High Templar x3  
  99  11:24  High Templar x3  
  114  11:26  Probe (Chrono Boost)  
  114  11:27  Probe (Chrono Boost)  
  114  11:31  Probe (Chrono Boost)  
  115  11:36  Archon x2  
  115  11:37  Archon  
  115  11:38  Adept  
  115  11:39  Probe (Chrono Boost), Adept  
  120  11:42  Probe (Chrono Boost)  
  120  11:43  Probe (Chrono Boost)  
  122  11:51  Probe (Chrono Boost)  
  119  12:04  Pylon  
  119  12:05  Probe (Chrono Boost), Pylon  
  119  12:06  Probe (Chrono Boost)  
  121  12:15  Stalker x2  
  123  12:16  Stalker  
  127  12:22  Nexus  
  127  12:37  Adept x4  
  127  12:43  Probe x3 (Chrono Boost)  
  138  12:55  Probe x2 (Chrono Boost)  
  130  13:13  Stalker  
  130  13:14  Stalker x4  
  130  13:15  Stalker  
  142  13:27  Adept x2  
  142  13:31  Probe x2 (Chrono Boost)  
  128  13:42  Adept x2  
  128  13:43  Adept x4  
  128  13:47  Probe x2 (Chrono Boost)  
  140  13:54  Probe (Chrono Boost)  
  141  14:01  Stalker  
  141  14:02  Stalker  
  145  14:03  Stalker x2  
Tags
 
Add a new tag
Caveats
  • Supply blocks, unpowered buildings, or Contaminate may cause inaccurate times.
  • Supply counts are checked every 10 seconds.